 Dungeon Crawl Stone Soup version 0.30.1-11-g7821555f0a (webtiles) character file.

Game seed: 2488715533760199819

4214 SacredBeard the Reanimator (level 10, -6/72 (80) HPs)
             Began as a Demonspawn Necromancer on Nov 19, 2023.
             Mangled by a troll (8 damage)
             ... on level 9 of the Dungeon.
             The game lasted 00:38:51 (12175 turns).

SacredBeard the Reanimator (DsNe)                  Turns: 12175, Time: 00:38:51

HP:   -6/72 (80)    AC: 13    Str:  8    XL:     10   Next: 9%
MP:   2/13          EV: 12    Int: 19    God:
Gold: 503           SH:  0    Dex: 16    Spells: 6/13 levels left

rFire   + . .        j - staff of death
rCold   . . .        (no shield)
rNeg    + . .        k - +2 leather armour {rF+}
rPois   .            (helmet restricted)
rElec   .            g - +0 cloak
rCorr   .            (no gloves)
SInv    .            n - +2 pair of boots
Will    .....        q - amulet of the acrobat
Stlth   ++           E - +4 ring of protection
HPRegen 0.32/turn    (no ring)
MPRegen 0.13/turn

%: acrobat
@: heavily drained
A: antennae 2, powered by pain 2, weakness stinger 1
a: no special abilities


You were on level 9 of the Dungeon.
You visited 2 branches of the dungeon, and saw 10 of its levels.

You collected 503 gold pieces.

Inventory:

Hand Weapons
 o - a +1 dagger of draining
 x - a +0 falchion
 y - a +2 dagger of venom
 z - a +2 spear of venom
 O - a +4 great sword
 Q - a +2 scimitar of freezing
 R - a +4 great sword
Missiles
 a - 12 poisoned darts
 l - 42 stones
 G - 6 curare-tipped darts
 L - 10 boomerangs
 N - a throwing net
Armour
 b - a +0 buckler
 g - a +0 cloak (worn)
 k - a +2 leather armour of fire resistance (worn)
 n - a +2 pair of boots (worn)
Magical Staves
 j - a staff of death (weapon)
Jewellery
 q - an amulet of the acrobat (around neck)
 E - a +4 ring of protection (left hand)
Wands
 d - a wand of iceblast (3)
 C - a wand of polymorph (2)
 K - a wand of flame (49)
 P - a wand of light (9)
Scrolls
 e - a scroll of magic mapping {unknown}
 f - 5 scrolls of enchant armour
 h - a scroll of amnesia {unknown}
 i - a scroll of noise {unknown}
 m - 2 scrolls of silence {unknown}
 s - a scroll of brand weapon {unknown}
 u - 4 scrolls of teleportation
 v - a scroll of fear {unknown}
 A - a scroll of butterflies {unknown}
 B - 2 scrolls of poison {unknown}
Potions
 c - 3 potions of mutation
 p - 2 potions of brilliance
 r - 2 potions of might
 t - 3 potions of curing
 w - 4 potions of magic
 D - 2 potions of invisibility
 F - a potion of berserk rage
 H - 2 potions of lignification
 I - a potion of cancellation {unknown}
 J - a potion of flight {unknown}
 M - a potion of haste {unknown}


   Skills:
 * Level 8.1 Fighting
 - Level 5.0 Throwing
 - Level 2.0 Armour
 - Level 2.0 Dodging
 - Level 3.0 Stealth
 - Level 2.0 Spellcasting
 - Level 10.0 Necromancy
 - Level 6.0 Evocations


You had 6 spell levels left.
You knew the following spells:

 Your Spells              Type           Power      Damage    Failure   Level
a - Necrotise             Necr           100%       1d9       1%          1
b - Animate Dead          Necr           56%        N/A       3%          4
c - Passwall              Tmut/Erth      0%         N/A       34%         2

Your spell library contained the following spells:

 Spells                   Type           Power      Damage    Failure   Level
 Vampiric Draining        Necr           56%        2d10      1%          3
 Agony                    Necr           56%        N/A       11%         5
 Freeze                   Ice            4%         1d3       24%         1
 Sandblast                Erth           2%         2d4       24%         1
 Blink                    Tloc           2%         N/A       34%         2
 Frozen Ramparts          Ice            2%         1d1       56%         3
 Hailstorm                Conj/Ice       1%         3d3       56%         3
 Ozocubu's Armour         Ice            1%         N/A       56%         3
 Stone Arrow              Conj/Erth      2%         3d7       56%         3
 Teleport Other           Tloc           1%         N/A       56%         3
 Borgnjor's Vile Clutch   Necr/Erth      15%        N/A       63%         5
 Ice Form                 Ice/Tmut       1%         N/A       93%         4
 Summon Ice Beast         Ice/Summ       1%         N/A       93%         4
 Simulacrum               Ice/Necr       15%        N/A       99%         6
 Metabolic Englaciation   Hex/Ice        0%         N/A       100%        5
 Malign Gateway           Summ/Tloc      0%         N/A       100%        7


Dungeon Overview and Level Annotations

Branches:
Dungeon (9/15) Zot: 25813  Temple (1/1) D:5 Zot: 5617     Orc (0/2) D:9
   Lair: D:8-11

Altars:
Ashenzari
Cheibriados
Dithmenos
Fedhas
Gozag
Hepliaklqana
Kikubaaqudgha
Makhleb
Nemelex Xobeh
Okawaru
Qazlal
Ru
Sif Muna
Trog
Uskayaw
Vehumet
Wu Jian
Xom
Yredelemnul

Shops:
D:6 ([*(

Annotations:
D:6 exclusion: 3 skeletal warriors
D:8 3 runed translucent doors, zfabert001's ghost, novice TeAE


Innate Abilities, Weirdness & Mutations

You have a pair of antennae on your head.
You sometimes gain power by taking damage.
You have a small tail.


Message History

Confirm with . or Enter, or press ? or * to list all spells.
Aiming: Necrotise (safe; 1% risk of failure)
Press: ? - help, Shift-Dir - straight line, f/p - troll
Aim: a troll (heavily wounded, chance to affect: 83%)
You feel a surge of power!
The troll writhes in agony.
The troll bites you.
* * * LOW HITPOINT WARNING * * *
The troll closely misses you. The troll claws you.
* * * LOW HITPOINT WARNING * * *
Casting: Necrotise (safe; 1% risk of failure)
Confirm with . or Enter, or press ? or * to list all spells.
Aiming: Necrotise (safe; 1% risk of failure)
Press: ? - help, Shift-Dir - straight line, f/p - troll
Aim: a troll (heavily wounded, chance to affect: 83%)
You feel a surge of power!
The troll barely resists.
The troll barely misses you.
The troll claws you but does no damage. x2
Casting: Necrotise (safe; 1% risk of failure)
Confirm with . or Enter, or press ? or * to list all spells.
Aiming: Necrotise (safe; 1% risk of failure)
Press: ? - help, Shift-Dir - straight line, f/p - troll
Aim: a troll (heavily wounded, chance to affect: 83%)
You feel a surge of power!
The troll writhes in agony.
The troll completely misses you.
The troll claws you but does no damage. x2
Casting: Necrotise (safe; 1% risk of failure)
Confirm with . or Enter, or press ? or * to list all spells.
Aiming: Necrotise (safe; 1% risk of failure)
Press: ? - help, Shift-Dir - straight line, f/p - troll
Aim: a troll (heavily wounded, chance to affect: 83%)
You feel a surge of power!
The troll writhes in agony.
The troll bites you but does no damage. The troll claws you!
* * * LOW HITPOINT WARNING * * *
The troll claws you!
* * * LOW HITPOINT WARNING * * *
Casting: Necrotise (safe; 1% risk of failure)
Confirm with . or Enter, or press ? or * to list all spells.
Aiming: Necrotise (safe; 1% risk of failure)
Press: ? - help, Shift-Dir - straight line, f/p - troll
Aim: a troll (heavily wounded, chance to affect: 83%)
You feel a surge of power!
The troll barely resists.
The troll misses you. The troll barely misses you. The troll claws you!
You die...

#####..# #.......#.. #..#
#.......#.. #..#
#.......#.. #..#
#.......#.. #######..#
##......'.. .........#
#......#.. .........#
#......#.. .........#
#.....z#.. ........@#
##......###
.........T...............
...........##########...#
...........# #..##
...........# #z.#
..........# #.##
..........##########.#
.....................#
...........#


You could see a troll.

Vanquished Creatures
  5 yaks (D:8)
  A wyvern (D:7)
  A warg (D:9)
  A water moccasin (D:8)
  An ice beast (D:5)
  A sky beast (D:8)
  2 black bears
  3 ogres
  An orc warrior (D:7)
  2 centaurs (D:7)
  A phantom (D:7)
  3 bullfrogs
  4 gnoll sergeants
  A scorpion (D:6)
  6 wights
  2 howler monkeys (D:6)
  3 hounds
  2 jellies
  3 orc priests
  A gnoll bouda (D:9)
  2 sleepcaps
  Terence (D:2)
  3 iguanas
  Natasha (thrice) (D:2)
  7 orc wizards
  24 gnolls
  5 adders
  An ufetubus (D:5)
  2 dart slugs
  40 orcs
  11 endoplasms
  5 giant cockroaches
  8 goblins
  4 hobgoblins
  5 jackals
  5 kobolds
  4 quokkas
  6 ball pythons
  5 bats
  A frilled lizard (D:3)
  5 rats
191 creatures vanquished.

Vanquished Creatures (collateral kills)
  A yak (D:8)
  A jelly (D:7)
  A gnoll bouda (D:7)
  A sleepcap (D:8)
  3 orcs
  2 hobgoblins (D:1)
9 creatures vanquished.

Grand Total: 200 creatures vanquished

Notes
Turn   | Place    | Note
-------+----------+-------------------------------------------
     0 | D:1      | SacredBeard the Demonspawn Necromancer began the quest for
                  | the Orb.
     0 | D:1      | Reached XP level 1. HP: 13/13 MP: 3/3
   278 | D:1      | Gained mutation: You sometimes gain a little power by
                  | taking damage. [demonic ancestry]
   278 | D:1      | Reached XP level 2. HP: 14/20 MP: 0/5
   847 | D:1      | Reached skill level 1 in Fighting
   847 | D:1      | Reached XP level 3. HP: 20/26 MP: 0/6
  1450 | D:2      | Reached skill level 1 in Armour
  1620 | D:2      | Noticed Terence
  1635 | D:2      | Killed Terence
  1636 | D:2      | Reached skill level 5 in Necromancy
  1759 | D:2      | Reached XP level 4. HP: 32/32 MP: 5/7
  1958 | D:2      | Noticed Natasha
  1964 | D:2      | Killed Natasha
  2025 | D:2      | Noticed Natasha
  2033 | D:2      | Killed Natasha
  2151 | D:2      | You fall into a shaft and drop 2 floors!
  2232 | D:4      | Discovered your monstrous ancestry.
  2232 | D:4      | Gained mutation: You have a pair of small antennae on your
                  | head. [demonic ancestry]
  2232 | D:4      | Reached XP level 5. HP: 36/36 MP: 6/8
  2239 | D:4      | Reached skill level 1 in Evocations
  2261 | D:4      | Reached skill level 1 in Throwing
  2555 | D:4      | Noticed an ogre
  2561 | D:4      | Killed an ogre
  2562 | D:4      | Reached XP level 6. HP: 44/44 MP: 2/9
  3208 | D:4      | Reached skill level 6 in Necromancy
  3699 | D:3      | Gained mutation: You have a small tail. [demonic ancestry]
  3699 | D:3      | Reached XP level 7. HP: 51/51 MP: 1/10
  3740 | D:3      | Found a faded altar of an unknown god.
  4626 | D:2      | Noticed Natasha
  4628 | D:2      | Killed Natasha
  4816 | D:5      | Entered Level 5 of the Dungeon
  5092 | D:5      | Reached skill level 7 in Necromancy
  5218 | D:5      | Found a staircase to the Ecumenical Temple.
  5553 | D:5      | Reached skill level 8 in Necromancy
  6048 | D:6      | Gained mutation: You sometimes gain power by taking damage.
                  | [demonic ancestry]
  6048 | D:6      | Reached XP level 8. HP: 58/58 MP: 4/11
  6240 | D:6      | Reached skill level 9 in Necromancy
  6330 | D:6      | Noticed a skeletal warrior
  6429 | D:7      | Found a shadowy altar of Dithmenos.
  6781 | D:8      | Reached skill level 10 in Necromancy
  6849 | D:8      | Learned a level 4 spell: Animate Dead
  6852 | D:8      | Learned a level 2 spell: Passwall
  7341 | D:8      | Reached skill level 5 in Fighting
  7341 | D:8      | Reached XP level 9. HP: 67/68 MP: 2/12
  7772 | D:8      | Noticed zfabert001's ghost (novice TeAE)
  7910 | D:8      | Found a runed translucent gate.
  7910 | D:8      | Found a runed translucent gate.
  7910 | D:8      | Found a runed translucent gate.
  8393 | D:7      | Got the Papyrus of the Volcano and the Wayfarer
  8516 | D:7      | Reached skill level 5 in Evocations
  9906 | D:6      | Found Kuyvefuf's Antique Weapon Shop.
  9906 | D:6      | Found Amymem's Antique Armour Shop.
  9908 | D:6      | Found Zoimeku's Assorted Antiques.
  9949 | D:6      | Noticed a skeletal warrior
  9949 | D:6      | Noticed a skeletal warrior
  9957 | D:6      | Noticed a skeletal warrior
 10263 | Temple   | Entered the Ecumenical Temple
 10797 | D:6      | Found Zaicojac's Weapon Boutique.
 11402 | D:8      | Gained mutation: You have a pair of antennae on your head.
                  | [demonic ancestry]
 11402 | D:8      | Reached XP level 10. HP: 60/71 MP: 13/13
 11590 | D:9      | Reached skill level 5 in Throwing
 11773 | D:9      | Found a staircase to the Orcish Mines.
 12174 | D:9      | HP: 1/72 [troll (9)]
 12175 | D:9      | Mangled by a troll

Illustrated notes

Levels and vault maps discovered:
D:1:      kilobyte_arrival_exit_the_forest, layout_basic
D:2:      layout_loops_cross, uniq_terence, uniq_natasha
D:3:      layout_basic, shapermc_ecumenical_altar_starsandcircs, hex_tiny
D:4:      layout_loops_cross, chequers_serial_rivers_room_b,
          kennysheep_generic_room_7
D:5:      layout_loops_ring, minmay_temple_entry_glassed_door
D:6:      layout_gridville, serial_shops, nicolae_shop_bloodbath_and_beyond,
          nicolae_shop_distant_corner_stores
D:7:      layout_loops_ring, grunt_dithmenos_smoke_and_mirrors,
          serial_bayou_pond_b
D:8:      layout_basic, gammafunk_ghost_icy
D:9:      layout_irregular_city, david_orc_1_choice, uniq_grum
Temple:   compressed_dpeg_triangle_lava_temple

Skill      XL: |  1  2  3  4  5  6  7  8  9 10 |
---------------+-------------------------------+-----
Stealth        | 2 3 |  3.0
Dodging        | 2 |  2.0
Fighting       | 1 2 3 5 7 8 |  8.1
Armour         | 1 2 |  2.0
Necromancy     | 5 6 8 10 | 10.0
Evocations     | 1 2 3 4 5 6 |  6.0
Throwing       | 1 2 3 4 5 |  5.0
Spellcasting   | |  2.0

Action                     |  1- 3 |  4- 6 |  7- 9 | 10-12 || total
---------------------------+-------+-------+-------+-------++-------
  Melee: Unarmed           |     3 |     5 |       |       ||     8
         Club              |     7 |       |       |       ||     7
         Dagger            |     6 |     2 |    98 |     7 ||   113
         Punch             |       |     1 |     3 |       ||     4
         Staff             |       |     1 |       |     1 ||     2
         Tailslap          |       |       |    17 |     2 ||    19
         Spear             |       |       |    10 |     4 ||    14
         Great sword       |       |       |     7 |     4 ||    11
  Throw: Stone             |       |     6 |    13 |       ||    19
         Dart              |       |       |     6 |       ||     6
         Boomerang         |       |       |     5 |     1 ||     6
   Cast: Necrotise         |    61 |    98 |   347 |    50 ||   556
    Use: Potion            |     2 |       |     4 |       ||     6
         Scroll            |       |       |     9 |     1 ||    10
   Stab: Sleeping          |       |       |     1 |       ||     1
 Armour: Robe              |     2 |       |       |       ||     2
         Leather armour    |     3 |    22 |    83 |    15 ||   123
         Skin              |       |     1 |    10 |       ||    11
  Dodge: Dodged            |    13 |    18 |   151 |    44 ||   226
